 Dungeon Crawl Stone Soup version 0.27-a0-1334-g2746e35aca (webtiles) character file.

Game seed: 4627840879438180989

62 dickylongcocking the Magician (level 4, 0/34 HPs)
             Began as a Djinni Hedge Wizard on June 26, 2021.
             Slain by Crazy Yiuf (9 damage)
             ... on level 2 of the Dungeon on June 27, 2021.
             The game lasted 00:02:04 (2895 turns).

dickylongcocking the Magician (Djinni Hedge Wizard) Turns: 2895, Time: 00:02:04

Health: 0/34       AC:  2    Str:  9    XL:     4   Next: 28%
Gold:   58         EV: 12    Int: 16    God:
                   SH:  0    Dex: 13

rFire    + + .     SeeInvis .   f - +1 short sword (drain)
rCold    x . .     Faith    .   (no shield)
rNeg     . . .     Spirit   .   b - +0 robe
rPois    ∞         Reflect  .   c - +0 hat
rElec    .         Harm     .   (no cloak)
rCorr    .         Rampage  .   (no gloves)
Will     .....                  (boots unavailable)
Stlth    ++........             (no amulet)
HPRegen  0.11/turn              (no ring)
MPRegen  0.00/turn              (no ring)

@: flying, very slightly contaminated, slowed, very slow
A: sickness immunity, fire resistance 2, cold vulnerability 1, float, innate
caster, hp casting, extra vitality 1
a: no special abilities


You were on level 2 of the Dungeon.
You visited 1 branch of the dungeon, and saw 2 of its levels.

You collected 58 gold pieces.

Inventory:

Hand Weapons
 a - a +0 dagger
 f - a +1 short sword of draining (weapon)
 g - a +0 falchion
Armour
 b - a +0 robe (worn)
 c - a +0 hat (worn)
Scrolls
 i - a scroll of brand weapon {unknown}
 j - 3 scrolls of identify {unknown}
Potions
 d - a potion of curing {unknown}
 e - a potion of degeneration {unknown}
 h - 2 potions of resistance {unknown}


   Skills:
 * Level 2.3 Fighting
 - Level 2.1 Dodging
 - Level 1.5 Stealth
 * Level 3.1 Spellcasting


You couldn't memorise any spells.
You knew the following spells:

 Your Spells              Type           Power      Damage    Failure   Level
a - Magic Dart            Conj           48%        1d5       4%          1
b - Blink                 Tloc           N/A        N/A       8%          2
c - Call Imp              Summ           12%        N/A       8%          2
d - Slow                  Hex            12%        N/A       8%          2
e - Conjure Flame         Conj/Fire      12%        6-21      16%         3
f - Mephitic Cloud        Conj/Pois/Air  12%        N/A       16%         3
g - Animate Skeleton      Necr           24%        N/A       4%          1
Your spell library was empty.

Dungeon Overview and Level Annotations

Branches:
Dungeon (2/15)

Altars:

Annotations:
D:2 Crazy Yiuf


Innate Abilities, Weirdness & Mutations

You are immune to sickness and miasma.
You are immune to poison.
Your flesh is very heat resistant. (rF++)
You are vulnerable to cold. (rC-)
You float through the air rather than walking.
You learn spells naturally, not from books.
Your magical power is your life essence.
You have superior vitality. (+4 HP)


Message History

Your white imp dies!
Casting: Call Imp (safe; 8% risk of failure)
Confirm with . or Enter, or press ? or * to list all spells.
A beastly little devil appears in a puff of flame.
Your crimson imp says, "I truckle to your service, O magnificent and rosy-lipped magnate!"
Crazy Yiuf yells, "Flower!"
Unknown command.
Casting: Call Imp (safe; 8% risk of failure)
Confirm with . or Enter, or press ? or * to list all spells.
You miscast Call Imp.
You are very lightly contaminated with residual magic.
Nothing appears to happen.
Your crimson imp hits Crazy Yiuf.
Unknown command.
Crazy Yiuf hits you with a +3 quarterstaff of chaos.
You feel yourself slow down.
Your crimson imp hits Crazy Yiuf.
Casting: Call Imp (safe; 8% risk of failure)
Confirm with . or Enter, or press ? or * to list all spells.
A beastly little devil appears in a puff of flame.
Crazy Yiuf barely misses you.
Your crimson imp hits Crazy Yiuf.
Crazy Yiuf hits you with a +3 quarterstaff of chaos!
* * * LOW HITPOINT WARNING * * *
Unknown command.
Unknown command.
Okay, then.
Okay, then.
Crazy Yiuf closely misses you.
Your crimson imp blinks!
Your crimson imp hits Crazy Yiuf.
Crazy Yiuf hits your crimson imp with a +3 quarterstaff of chaos!
Crazy Yiuf freezes your crimson imp.
Your crimson imp dies!
Your crimson imp barely misses Crazy Yiuf.
Crazy Yiuf hits your crimson imp with a +3 quarterstaff of chaos.
Crazy Yiuf freezes your crimson imp.
Your crimson imp hits Crazy Yiuf.
Unknown command.
Unknown command.
You hit Crazy Yiuf but do no damage.
Crazy Yiuf is heavily wounded.
Crazy Yiuf hits you with a +3 quarterstaff of chaos!
You die...

#.#.#
#.........#............###.
#.#.# #.#.#.#####.......######
#. #.#.# #.#.######......# #.
#...# # #....†........# #. #####
#############.# #. #.# #.
###############.###### #. ####
###.#...#..............# ##
#...##5.#..#.5.@####........####
#...g5####....g.# #............
#)..### ##..#.#####........####
#### ####..............#
#..####...[....# #..# #....)...#
#..# #........# #..# #........#
#..# ##########


You could see Crazy Yiuf (fast, ally target) and a friendly crimson imp
(summoned).

Vanquished Creatures
  2 adders (D:2)
  A worm (D:2)
  2 dart slugs (D:1)
  2 endoplasms (D:1)
  A giant cockroach (D:1)
  6 hobgoblins
  3 jackals
  2 kobolds
  2 ball pythons
  A bat (D:1)
  A frilled lizard (D:1)
  3 rats
26 creatures vanquished.

Vanquished Creatures (collateral kills)
  An adder (D:2)
  2 ball pythons (D:2)
  An endoplasm (D:2)
4 creatures vanquished.

Grand Total: 30 creatures vanquished

Notes
Turn   | Place    | Note
-------+----------+-------------------------------------------
     0 | D:1      | dickylongcocking the Djinni Hedge Wizard began the quest
                  | for the Orb.
     0 | D:1      | Reached XP level 1. HP: 15/15 MP: 0/0
   305 | D:1      | Reached XP level 2. HP: 11/22 MP: 0/0
   319 | D:1      | Reached skill level 1 in Fighting
  1325 | D:1      | Found a faded altar of an unknown god.
  1350 | D:1      | Reached XP level 3. HP: 17/27 MP: 0/0
  1350 | D:1      | Learned a level 1 spell: Animate Skeleton
  1974 | D:2      | Reached skill level 3 in Spellcasting
  2280 | D:2      | Reached XP level 4. HP: 28/33 MP: 0/0
  2871 | D:2      | Found a runed translucent door.
  2873 | D:2      | Noticed Crazy Yiuf
  2895 | D:2      | Slain by Crazy Yiuf

Illustrated notes

Levels and vault maps discovered:
D:1:      evilmike_arrival_fibonacci_small, layout_rooms,
          shapermc_ecumenical_altar_totnotflames, nrook_campfire,
          serial_bayou_ford_a, minivault_27, minmay_3d_cube
D:2:      layout_basic, nrook_loot_triangle, uniq_crazy_yiuf_cottage

Skill      XL: |  1  2  3 |
---------------+----------+-----
Fighting       | 1 2 |  2.3
Spellcasting   | 3 |  3.1
Dodging        | |  2.1
Stealth        | |  1.5

Action                   |  1- 3 |  4- 6 || total
-------------------------+-------+-------++-------
Melee: Short sword       |    26 |    11 ||    37
 Cast: Magic Dart        |    61 |       ||    61
       Call Imp          |     5 |     7 ||    12
 Stab: Sleeping          |       |     1 ||     1
Armor: Robe              |     7 |     2 ||     9
Dodge: Dodged            |    28 |     9 ||    37

Table legend: (Time is in decaauts)
 A = Elapsed time spent in this place.
 B = Non-inter-level travel time spent in this place.
 C = Inter-level travel time spent in this place.
 D = Time resting spent in this place.
 E = Time spent auto-exploring this place.
 F = Levels seen in this place.
 G = Mean time per level.
                   A        B        C        D        E       F      G
               +--------+--------+--------+--------+--------+-----+--------+
         Total |   2899 |   2866 |     33 |     31 |   2586 |   2 | 1449.5 |
       Dungeon |   2899 |   2866 |     33 |     31 |   2586 |   2 | 1449.5 |
               +--------+--------+--------+--------+--------+-----+--------+

Top non-repeatable levels by time:
     D:1: 1615 daAuts
     D:2: 1284 daAuts
